 Dungeon Crawl Stone Soup version 0.21.1-1-g345015f (webtiles) character file.

42 glosham the Cudgeler (level 3, -2/31 HPs)
             Began as a Minotaur Monk on May 6, 2018.
             Killed by nerve-wracking pain
             ... invoked by an orc priest
              (4 damage)
             ... on level 4 of the Dungeon.
             The game lasted 00:09:04 (597 turns).

glosham the Cudgeler (Minotaur Monk)                 Turns: 597, Time: 00:09:05

Health: -2/31      AC:  6    Str: 16    XL:     3   Next: 33%
Magic:  2/2        EV: 12    Int:  7    God:
Gold:   46         SH:  0    Dex: 12    Spells: 2/2 levels left

rFire    . . .     SeeInvis .   a - +0 mace
rCold    . . .     Gourm    .   (no shield)
rNeg     . . .     Faith    .   X - +1 ring mail
rPois    .         Spirit   .   (helmet restricted)
rElec    .         Reflect  .   (no cloak)
rCorr    .         Harm     .   (no gloves)
MR       .....                  (no boots)
Stlth    +.........             (no amulet)
HPRegen  0.10/turn              (no ring)
MPRegen  0.08/turn              (no ring)

@: hasted, very quick
A: retaliatory headbutt, horns 2
a: no special abilities


You were on level 4 of the Dungeon.
You were not hungry.

You visited 1 branch of the dungeon, and saw 4 of its levels.

You collected 46 gold pieces.

Inventory:

Hand Weapons
 a - a +0 mace (weapon)
Missiles
 b - 42 arrows
 d - 17 stones (quivered)
Armour
 X - a +1 ring mail (worn)
Potions
 e - 2 potions of brilliance
Comestibles
 c - 2 rations
 f - 3 chunks of flesh


   Skills:
 - Level 3.6 Fighting
 * Level 5.2 Maces & Flails
 - Level 1.0 Armour
 - Level 3.2 Dodging
 - Level 1.5 Stealth


You had 2 spell levels left.
You didn't know any spells.

Dungeon Overview and Level Annotations

Branches:
Dungeon (4/15)
 Temple: D:4-7

Altars:

Annotations:
D:4 Grinder


Innate Abilities, Weirdness & Mutations

You reflexively headbutt those who attack you in melee.
You have a pair of horns on your head.


Message History

You hit the orc.
The orc is lightly wounded.
The orc hits you but does no damage.
You hit the orc.
You kill the orc!
The orc barely misses you.
You hit the orc priest but do no damage.
You headbutt the orc priest, but do no damage.
The orc priest mumbles some strange prayers to Beogh against you.
Pain shoots through your body!
The orc hits you from afar with a trident.
* * * LOW HITPOINT WARNING * * *
You hit the orc priest.
The orc priest is moderately wounded.
The orc priest hits you with a club.
* * * LOW HITPOINT WARNING * * *
Okay, then.
You hit the orc priest.
The orc priest is severely wounded.
The orc hits you but does no damage.
You hit the orc priest but do no damage.
The orc priest is severely wounded.
The orc priest barely misses you.
The orc hits you from afar with a trident.
* * * LOW HITPOINT WARNING * * *
You hit the orc priest but do no damage.
The orc priest is severely wounded.
The orc priest hits you but does no damage.
You hit the orc priest.
The orc priest is severely wounded.
The orc closely misses you.
You barely miss the orc priest. Your headbutt misses the orc priest.
The orc priest is severely wounded.
The orc priest hits you but does no damage.
The orc closely misses you.
You closely miss the orc priest.
The orc priest is severely wounded.
The orc priest calls down the wrath of Beogh upon you.
Pain shoots through your body!
You die...

...........#
##.###.####
#. #.#
#.###.#
#..##.#
..##.#
#.##.#
#.####.##.#
#......o@.#
######o####
#[# #.#
..ooo.o.#
#########


You could see an orc priest and an orc.

Vanquished Creatures
  A leopard gecko (D:3)
  2 orcs (D:4)
  2 giant cockroaches (D:2)
  A kobold (D:1)
  A quokka (D:2)
  2 bats (D:1)
  A frilled lizard (D:4)
  3 rats
13 creatures vanquished.

Vanquished Creatures (others)
  An orc wizard (D:4)
1 creature vanquished.

Grand Total: 14 creatures vanquished

Notes
Turn   | Place    | Note
-------+----------+-------------------------------------------
     0 | D:1      | glosham the Minotaur Monk began the quest for the Orb.
     0 | D:1      | Reached XP level 1. HP: 19/19 MP: 0/0
     1 | D:1      | Noticed a spriggan
     2 | D:1      | Noticed a vampire
     4 | D:1      | Noticed a gargoyle
     4 | D:1      | Noticed a draconian
     6 | D:1      | Noticed an ogre
     6 | D:1      | Noticed a naga
     8 | D:1      | Noticed a halfling
    10 | D:1      | Noticed a minotaur
    10 | D:1      | Noticed a centaur
    12 | D:1      | Noticed a human
    14 | D:1      | Noticed a formicid
    14 | D:1      | Noticed an octopode
    16 | D:1      | Noticed a demigod
    16 | D:1      | Noticed a vine stalker
    18 | D:1      | Noticed an elf
    18 | D:1      | Noticed a tengu
    20 | D:1      | Noticed a merfolk
    22 | D:1      | Noticed a dwarf
    22 | D:1      | Noticed a troll
    24 | D:1      | Noticed a felid
    26 | D:1      | Noticed a demonspawn
    26 | D:1      | Noticed a ghoul
   153 | D:2      | Reached skill level 4 in Maces & Flails
   281 | D:2      | Reached XP level 2. HP: 26/26 MP: 1/1
   465 | D:4      | Noticed Grinder
   531 | D:4      | Noticed an ogre
   570 | D:4      | Reached skill level 1 in Armour
   587 | D:4      | Reached skill level 5 in Maces & Flails
   587 | D:4      | Reached XP level 3. HP: 19/31 MP: 2/2
   593 | D:4      | HP: 2/31 [orc/trident (4)]
   597 | D:4      | Killed from afar by an orc priest

Skill      XL: |  1  2 |
---------------+-------+-----
Maces & Flails | 4 5 |  5.2
Armour         | 1 |  1.0
Fighting       | |  3.6
Dodging        | |  3.2
Stealth        | |  1.5

Action                   || total
-------------------------++-------
Melee: Mace              ||    52
       Headbutt          ||     7
  Use: Scroll            ||     3
       Potion            ||     3
 Stab: Sleeping          ||     1
Armor: Robe              ||     5
       Ring mail         ||     4
Dodge: Dodged            ||    27

Table legend:
 A = Turns spent in this place as a percentage of turns spent in the entire game.
 B = Non-inter-level travel turns spent in this place as a percentage of non-inter-level travel turns spent in the entire game.
 C = Inter-level travel turns spent in this place as a percentage of turns spent in this place.
 D = Turns resting spent in this place as a percentage of non-inter-level travel turns spent in this place.
 E = Turns spent auto-exploring this place as a percentage of non-inter-level travel turns spent in this place.
 F = Non-inter-level travel turns spent in this place divided by the number of levels of this place that you've seen.
                   A       B       C       D       E      F
               +-------+-------+-------+-------+-------+----------------------
         Total | 100.0 | 100.0 |   0.0 |  20.3 |   0.0 | 149.2
       Dungeon | 100.0 | 100.0 |   0.0 |  20.3 |   0.0 | 149.2
               +-------+-------+-------+-------+-------+----------------------

Table legend:
 A = Kills in this place as a percentage of kills in entire the game.
 B = Kills by you in this place as a percentage of kills by you in the entire game.
 C = Kills by friends in this place as a percentage of kills by friends in the entire game.
 D = Other kills in this place as a percentage of other kills in the entire game.
 E = Experience gained in this place as a percentage of experience gained in the entire game.
 F = Experience gained in this place divided by the number of levels of this place that you have seen.
                   A       B       C       D       E      F
               +-------+-------+-------+-------+-------+----------------------
         Total | 100.0 | 100.0 |   N/A | 100.0 | 100.0 |  15.0
       Dungeon | 100.0 | 100.0 |   N/A | 100.0 | 100.0 |  15.0
               +-------+-------+-------+-------+-------+----------------------

Vault maps used:
D:1:      kb_arrival_jail, serial_forest, infiniplex_forest_lined_room_2,
          infiniplex_forest_zigzag_2, infiniplex_forest_end_1,
          infiniplex_forest_split, infiniplex_forest_straight_2,
          infiniplex_forest_straight_1, infiniplex_forest_corner_1,
          minmay_bisected
D:3:      old_standard_altar, makhleb_altar_promises_db
D:4:      led_sif_book, minmay_temple_entry_enclosed_plants, first_ration,
          uniq_grinder, uniq_edmund
